 Dungeon Sprint DCSS version 0.23.1 (webtiles) character file.

Game seed: 7284957290633648220

9186 nuthulu the Brawler (level 11, 0/139 HPs)
             Began as a Troll Monk on Mar 5, 2019.
             Was the Champion of Qazlal.
             Slain by a four-headed hydra simulacrum (13 damage)
             ... in the Dungeon (Sprint III: "The Ten Rune Challenge").
             The game lasted 00:05:16 (1461 turns).

nuthulu the Brawler (Troll Monk)                    Turns: 1461, Time: 00:05:16

Health: 0/139      AC:  9    Str: 24    XL:     11   Next: 19%
Magic:  8/15       EV: 16    Int:  6    God:    Qazlal [******]
Gold:   3043       SH:  8    Dex: 12    Spells: 10/10 levels left

rFire    + . .     SeeInvis .     - Unarmed
rCold    + . .     Gourm    +   (no shield)
rNeg     . . .     Faith    .   a - +1 robe
rPois    .         Spirit   .   (helmet restricted)
rElec    .         Reflect  .   (no cloak)
rCorr    .         Harm     .   (gloves unavailable)
MR       .....     NoTele   +   (boots unavailable)
Stlth    +.........             (no amulet)
HPRegen  0.73/turn              (no ring)
MPRegen  0.14/turn              (no ring)

@: protected from cold, repel missiles
A: large, unfitting armour, claws 3, talons 1, thin metallic scales 1, fire
resistance 1, fast metabolism 3, gourmand, regeneration 1, robust 1, shaggy fur
1, tough skin 3
a: Upheaval, Elemental Force, Disaster Area, Renounce Religion


You were in the Dungeon.
You worshipped Qazlal.
Qazlal was exalted by your worship.
You were completely stuffed.

You visited 1 branch You collected 3243 gold pieces.
You spent 200 gold pieces at shops.

Inventory:

Armour
 a - a +1 robe (worn)
Wands
 k - a wand of polymorph (9)
 o - a wand of iceblast (9)
Scrolls
 h - 2 scrolls of blinking
 j - a scroll of holy word
 m - a scroll of remove curse
 r - a scroll of fear
Potions
 d - 2 potions of heal wounds
 e - a potion of haste
 f - 2 potions of magic
 g - a potion of berserk rage
 i - 5 potions of mutation
 l - 2 potions of flight
 q - a potion of agility
Comestibles
 b - 6 rations


   Skills:
 + Level 13.0 Fighting
 + Level 13.0 Dodging
 - Level 1.0 Stealth
 + Level 15.1 Unarmed Combat
 + Level 6.9 Invocations


You had 10 spell levels left.
You didn't know any spells.
Your spell library contained the following spells:

 Spells                   Type           Power        Failure   Level  Hunger
 Animate Skeleton         Necr           N/A          45%         1    ##.....
 Apportation              Tloc           #.....       45%         1    ##.....
 Confusing Touch          Hex            #.....       45%         1    ##.....
 Magic Dart               Conj           #...         45%         1    ##.....
 Summon Small Mammal      Summ           #...         45%         1    ##.....
 Blink                    Tloc           N/A          58%         2    ###....
 Call Imp                 Summ           #.......     58%         2    ###....
 Slow                     Hex            #.......     58%         2    ###....
 Conjure Flame            Conj/Fire      #.......     83%         3    ####...
 Mephitic Cloud           Conj/Pois/Air  #.......     83%         3    ####...


Dungeon Overview and Level Annotations

Branches:
Dungeon (1/1)

Altars:
Cheibriados
Dithmenos
Elyvilon
Fedhas
Gozag
Hepliaklqana
Kikubaaqudgha
Makhleb
Nemelex Xobeh
Okawaru
Qazlal
Ru
Sif Muna
Trog
Uskayaw
Vehumet
Wu Jian
Xom
Yredelemnul
Zin
The Shining One
Beogh
Jiyva
Lugonu

Shops:
D *


Innate Abilities, Weirdness & Mutations

You are too large for most types of armour.
You have claws for hands.
Your metabolism is lightning-fast.
You like to eat raw meat.
Your natural rate of healing is unusually fast.
You are covered in fur. (AC +1)
You have extremely tough skin. (AC +3)
You have sharp toenails.
You are partially covered in thin metallic scales. (AC +2)
Your flesh is heat resistant. (rF+)
You are robust. (+10% HP)


Message History

You fail to use your ability.
All of the chunks of flesh in your inventory have rotted away.
Unknown command.
Unknown command.
Unknown command.
Okay, then.
Nature churns violently around you!
You hear a sizzling sound!
The blast of ice hits the six-headed hydra simulacrum!
The six-headed hydra simulacrum partially resists.
The six-headed hydra simulacrum is moderately damaged.
The six-headed hydra simulacrum is flash-frozen.
You block the four-headed hydra simulacrum's attack.
The four-headed hydra simulacrum bites you!
* * * LOW HITPOINT WARNING * * *
The four-headed hydra simulacrum freezes you!!
You resist.
* * * LOW HITPOINT WARNING * * *
The four-headed hydra simulacrum bites you!
You die...

♣♣♣≈≈≈........≈≈≈...##.#.#.##
♣♣'♣≈≈≈≈≈≈≈≈≈≈≈≈♣♣P.+.#.#.#.#
.≈♣♣♣♣♣♣♣♣♣♣♣♣♣♣♣♣PP##.#.#.##
.†♣♣ ♣♣♣##+#####
##'♣♣♣♣♣♣♣♣♣♣♣♣♣♣♣♣♣#
♣♣÷##..##≈≈≈≈≈≈..#|)#
..##.##.#≈≈≈≈§...#||#
.##.##.##†≈§§≈§####☼#
..#.##)..#≈≈§.○.@ZZZ#
♣.##.##..#≈..+#######
♣.##.#####...# .....# .....#
###### +######


You could see a six-headed hydra simulacrum, a four-headed hydra simulacrum and
a polar bear simulacrum.

Vanquished Creatures
  A centaur warrior (D)
  Erica (D)
  Urug (D)
  An unseen horror (D)
  A death drake (D)
  A lindwurm (D)
  An orc sorcerer (D)
  A deep elf mage (D)
  2 spiny frogs (D)
  A rime drake (D)
  A komodo dragon (D)
  2 tyrant leeches (D)
  5 blink frogs (D)
  3 redbacks (D)
  A shadow (D)
  3 wandering mushrooms (D)
  A spatial vortex (D)
  2 orc warriors (D)
  A swamp drake (D)
  A necrophage (D)
  2 centaurs (D)
  An earth elemental (D)
  A water elemental (D)
  2 orc priests (D)
  A jelly (D)
  A wizard (D)
  2 orc wizards (D)
  Jessica (D)
  A necromancer (D)
  A wolf simulacrum (D)
  3 humans (D)
  A kobold demonologist (D)
  A wolf (D)
  An ooze (D)
  11 orcs (D)
  2 rats (D)
63 creatures vanquished.

Vanquished Creatures (others)
  2 draconian scorchers (D)
  2 hydras (D)
  3 yaktaurs (D)
  6 hellions (D)
  An electric eel (D)
14 creatures vanquished.

Grand Total: 77 creatures vanquished

Notes
Turn   | Place    | Note
-------+----------+-------------------------------------------
     0 | D        | nuthulu the Troll Monk began the quest for the Orb.
     0 | D        | Reached XP level 1. HP: 22/22 MP: 0/0
    32 | D        | Noticed Jessica
    35 | D        | Killed Jessica
    35 | D        | Reached skill level 4 in Unarmed Combat
    35 | D        | Reached XP level 2. HP: 32/32 MP: 1/1
    35 | D        | Reached XP level 3. HP: 39/39 MP: 2/2
    59 | D        | Reached skill level 5 in Unarmed Combat
   111 | D        | Killed a hellion
   112 | D        | Killed a hellion
   112 | D        | Killed a hellion
   113 | D        | Killed a hellion
   116 | D        | Killed a yaktaur
   135 | D        | Killed a hellion
   149 | D        | Killed a white draconian scorcher
   155 | D        | Gained mutation: You are partially covered in thin metallic
                  | scales. (AC +2) [potion of mutation]
   155 | D        | Gained mutation: Your flesh is heat resistant. (rF+)
                  | [potion of mutation]
   155 | D        | Gained mutation: You are robust. (+10% HP) [potion of
                  | mutation]
   155 | D        | Gained mutation: You have sharp toenails. [potion of
                  | mutation]
   158 | D        | Killed a white draconian scorcher
   159 | D        | Noticed a water elemental
   161 | D        | Killed a hellion
   165 | D        | Killed a water elemental
   165 | D        | Reached skill level 5 in Fighting
   165 | D        | Reached skill level 5 in Dodging
   165 | D        | Reached skill level 6 in Unarmed Combat
   165 | D        | Reached XP level 4. HP: 52/55 MP: 3/3
   176 | D        | Noticed a shadow
   182 | D        | Killed a shadow
   182 | D        | Reached skill level 7 in Unarmed Combat
   182 | D        | Reached XP level 5. HP: 47/67 MP: 4/4
   182 | D        | Reached XP level 6. HP: 52/74 MP: 5/5
   183 | D        | Reached skill level 8 in Unarmed Combat
   219 | D        | Found a blossoming altar of Fedhas.
   219 | D        | Found a stormy altar of Qazlal.
   219 | D        | Found a snail-covered altar of Cheibriados.
   219 | D        | Found a burning altar of Makhleb.
   219 | D        | Found a shimmering altar of Xom.
   219 | D        | Killed a yaktaur
   220 | D        | Found a hazy altar of Hepliaklqana.
   220 | D        | Found an opulent altar of Gozag.
   220 | D        | Found a sparkling altar of Nemelex Xobeh.
   220 | D        | Found a corrupted altar of Lugonu.
   220 | D        | Found a viscous altar of Jiyva.
   220 | D        | Noticed a spatial vortex
   223 | D        | Became a worshipper of Qazlal Stormbringer
   223 | D        | Reached * piety under Qazlal
   223 | D        | Reached ** piety under Qazlal
   225 | D        | Killed a spatial vortex
   237 | D        | Found a basalt altar of Yredelemnul.
   237 | D        | Found a shadowy altar of Dithmenos.
   237 | D        | Found a sacrificial altar of Ru.
   239 | D        | Reached skill level 9 in Unarmed Combat
   241 | D        | Reached XP level 7. HP: 86/86 MP: 6/6
   254 | D        | Found a glowing silver altar of Zin.
   254 | D        | Found a glowing golden altar of the Shining One.
   254 | D        | Found a white marble altar of Elyvilon.
   254 | D        | Noticed a deep elf mage
   259 | D        | Killed a deep elf mage
   259 | D        | Reached *** piety under Qazlal
   259 | D        | Reached skill level 10 in Unarmed Combat
   298 | D        | Found a radiant altar of Vehumet.
   298 | D        | Found a deep blue altar of Sif Muna.
   298 | D        | Found an ancient bone altar of Kikubaaqudgha.
   301 | D        | Noticed a chaos spawn
   362 | D        | Found a hide-covered altar of Uskayaw.
   362 | D        | Found a roughly hewn altar of Beogh.
   362 | D        | Found an iron altar of Okawaru.
   362 | D        | Found a bloodstained altar of Trog.
   362 | D        | Found an ornate altar of the Wu Jian Council.
   362 | D        | Noticed a human
   362 | D        | Noticed a human
   377 | D        | Killed a human
   377 | D        | Reached XP level 8. HP: 87/101 MP: 7/7
   384 | D        | Reached **** piety under Qazlal
   384 | D        | Reached skill level 11 in Unarmed Combat
   417 | D        | Noticed Erica
   431 | D        | Killed Erica
   431 | D        | Reached skill level 10 in Fighting
   431 | D        | Reached skill level 10 in Dodging
   461 | D        | Reached XP level 9. HP: 94/111 MP: 8/8
   516 | D        | Noticed a centaur warrior
   521 | D        | Reached skill level 12 in Unarmed Combat
   528 | D        | Killed a centaur warrior
   532 | D        | Reached ***** piety under Qazlal
   621 | D        | Killed an unseen horror
   621 | D        | Reached skill level 13 in Unarmed Combat
   713 | D        | Found Patimn's General Store.
   713 | D        | Noticed an orc sorcerer
   721 | D        | Killed an orc sorcerer
   729 | D        | Reached XP level 10. HP: 125/125 MP: 9/9
   732 | D        | Reached ****** piety under Qazlal
   756 | D        | Bought a scroll of enchant armour for 75 gold pieces
   756 | D        | Bought a potion of agility for 40 gold pieces
   756 | D        | Bought a scroll of fear for 35 gold pieces
   756 | D        | Bought a ration for 50 gold pieces
   848 | D        | Reached skill level 1 in Invocations
   862 | D        | Noticed a spiny frog
   862 | D        | Noticed a spiny frog
   885 | D        | Killed a spiny frog
   891 | D        | Reached skill level 14 in Unarmed Combat
   893 | D        | Killed a spiny frog
   924 | D        | Killed a seven-headed hydra
  1048 | D        | Noticed a lindwurm
  1055 | D        | Killed a lindwurm
  1063 | D        | Reached skill level 5 in Invocations
  1189 | D        | Reached XP level 11. HP: 136/136 MP: 14/14
  1348 | D        | Noticed Urug
  1358 | D        | Killed Urug
  1358 | D        | Reached skill level 15 in Unarmed Combat
  1398 | D        | Killed a six-headed hydra
  1410 | D        | Noticed a death drake
  1433 | D        | Killed a death drake
  1461 | D        | Slain by a four-headed hydra simulacrum

Skill      XL: |  1  2  3  4  5  6  7  8  9 10 11 |
---------------+----------------------------------+-----
Fighting       | 3 5 6 7 9 10 11 12 13 | 13.0
Dodging        | 3 5 6 7 9 10 11 12 13 | 13.0
Unarmed Combat | 4 6 7 9 10 11 13 14 15 | 15.1
Invocations    | 5 6 |  6.9
Stealth        | |  1.0

Action                   |  1- 3 |  4- 6 |  7- 9 | 10-12 || total
-------------------------+-------+-------+-------+-------++-------
Melee: Unarmed           |    25 |    11 |    67 |   114 ||   217
       Punch             |     2 |     2 |     4 |    10 ||    18
       Kick              |     1 |     1 |    22 |    37 ||    61
Invok: Disaster Area     |       |       |       |     1 ||     1
  Use: Scroll            |     3 |       |       |     2 ||     5
       Potion            |     1 |       |       |     2 ||     3
 Stab: Sleeping          |     2 |       |       |       ||     2
  Eat: Chunk             |     5 |       |     7 |     7 ||    19
Armor: Robe              |     6 |     2 |     7 |    14 ||    29
Dodge: Dodged            |     9 |     5 |    28 |    56 ||    98
       Deflected         |       |       |     1 |     1 ||     2
Block: Other             |       |       |    13 |    36 ||    49
